 Dungeon Crawl Stone Soup version 0.31-a0-240-gb923e448b6 (webtiles) character file.

Game seed: 5884677698335772406

342255 qw the Slayer (level 21, -1/215 HPs)
             Began as a Minotaur Hexslinger on July 11, 2023.
             Was an Elder of Okawaru.
             Slain by a spriggan berserker
             ... wielding a +0 quarterstaff
             ... led by the Enchantress
              (10 damage)
             ... on level 3 of the Depths.
             The game lasted 00:19:34 (37091 turns).

qw the Slayer (Minotaur Hexslinger)                Turns: 37091, Time: 00:19:35

Health: -1/215     AC: 30    Str: 15    XL:     21   Next: 10%
Magic:  27/27      EV: 50    Int: 12    God:    Okawaru [****..]
Gold:   3345       SH:  0    Dex: 42    Spells: 21/22 levels left

rFire   . . .        s - +2 triple crossbow (heavy)
rCold   + . .        (shield currently unavailable)
rNeg    + + .        e - +7 ring mail of Undesirable Species {rN+ Will++}
rPois   .            (helmet unavailable)
rElec   .            u - +5 cloak "Baggec" {rN+ Will- Regen+ Str+4}
rCorr   .            x - +1 pair of gloves of the Pink Corner {rC+}
SInv    .            h - +2 pair of boots
Will    ++...        w - amulet of faith
Stlth   ++++         z - +6 ring of dexterity
HPRegen 1.35/turn    y - +6 ring of dexterity
MPRegen 0.20/turn

%: faith
@: about to teleport, heroic
A: horns 3, retaliatory headbutt, agile 2, clever 1
}: 2/15 runes: decaying, gossamer
a: Renounce Religion, Heroism, Finesse


You were on level 3 of the Depths.
You worshipped Okawaru.
Okawaru was greatly pleased with you.
You visited 8 branches of the dungeon, and saw 38 of its levels.
You also visited: Ossuary and Gauntlet.

You collected 6694 gold pieces.
You spent 3349 gold pieces at shops.


Innate Abilities, Weirdness & Mutations

You have a pair of large horns on your head.
You reflexively headbutt those who attack you in melee.
You are very agile. (Dex +8, Str/Int -2)
Your mind is acute. (Int +4, Str/Dex -1)


   Skills:
 + Level 24.3(27) Fighting
 - Level 22.0(27) Ranged Weapons
 - Level 15.0(20.0) Armour
 - Level 22.0(27) Dodging
 - Level 1.0 Spellcasting
 - Level 2.0 Hexes
 - Level 10.0 Invocations


You had 21 spell levels left.
You knew the following spells:

 Your Spells              Type           Power      Damage    Failure   Level
a - Slow                  Hex            20%        N/A       19%         1

Your spell library contained the following spells:

 Spells                   Type           Power      Damage    Failure   Level
 Inner Flame              Hex/Fire       3%         N/A       65%         3
 Portal Projectile        Hex/Tloc       6%         N/A       65%         3
 Cause Fear               Hex            2%         N/A       88%         4

Inventory:

Hand Weapons
 s - a +2 heavy triple crossbow (weapon)
Armour
 c - a +2 pair of gloves of infusion
 e - the +7 ring mail of Undesirable Species (worn) {rN+ Will++}
   (You found it on level 2 of the Depths)

   rN:        It protects you from negative energy.
   Will:      It greatly increases your willpower.
 h - a +2 pair of boots (worn)
 q - a +2 ring mail of fire resistance
 u - the +5 cloak "Baggec" (worn) {rN+ Will- Regen+ Str+4}
   (You found it in a Gauntlet)

   Str:       It affects your strength (+4).
   rN:        It protects you from negative energy.
   Regen:     It increases your rate of health regeneration.
   Will:      It decreases your willpower.
 x - the +1 pair of gloves of the Pink Corner (worn) {rC+}
   (You found it on level 2 of the Spider Nest)

   rC:        It protects you from cold.
Jewellery
 f - an amulet of reflection
 w - an amulet of faith (around neck)
 y - a +6 ring of dexterity (right hand)
 z - a +6 ring of dexterity (left hand)
 Y - the ring of Bemufel {rC+ Will+ Str+3 Slay-2 SInv}
   (You bought it in a shop on level 2 of the Vaults)

   [ring of protection from cold]

   Str:       It affects your strength (+3).
   Slay:      It affects your accuracy & damage with ranged weapons and melee
   (-2).
   rC:        It protects you from cold.
   SInv:      It lets you see invisible.
   Will:      It increases your willpower.
Wands
 d - a wand of digging (14)
Scrolls
 a - a scroll of identify
 g - 2 scrolls of enchant armour
 n - 7 scrolls of teleportation
Potions
 b - 9 potions of curing
 i - 4 potions of cancellation
 k - 6 potions of might
 l - 6 potions of magic
 m - 12 potions of haste
 o - 8 potions of mutation
 r - 5 potions of enlightenment

Dungeon Overview and Level Annotations

Branches:
Dungeon (15/15)            Temple (1/1) D:7            Lair (5/5) D:10
  Swamp (4/4) Lair:2       Spider (4/4) Lair:2        Slime (0/5) Lair:5
    Orc (2/2) D:12            Elf (0/3) Orc:2        Vaults (4/5) D:14
  Crypt (0/3) Vaults:3     Depths (3/4) D:15        Ossuary (visited)
Gauntlet (visited)

Altars:
Ashenzari
Cheibriados
Dithmenos
Elyvilon
Fedhas
Gozag
Hepliaklqana
Kikubaaqudgha
Makhleb
Nemelex Xobeh
Okawaru
Qazlal
Ru
Sif Muna
Trog
Uskayaw
Vehumet
Wu Jian
Xom
Yredelemnul
Zin
The Shining One
Jiyva

Shops:
D:6 =   D:13 (   Orc:2 =*[(   Vaults:2 **=[   Vaults:4 *

Portals:
Hell: Depths:1 Depths:2 Depths:3
Pandemonium: Depths:2

Annotations:
D:6 3 runed translucent doors, qw's ghost, novice GrHs
D:9 exclusion: orange crystal statue
D:13 4 transporters
Depths:3 the Enchantress


Message History

37089 ||| READING 8 scrolls of teleportation.
As you read the scroll of teleportation, it crumbles to dust.
You feel strangely unstable.
The Enchantress gestures at you while chanting.
You resist with almost no effort.
The spriggan berserker barely misses you.
You furiously retaliate!
You headbutt the spriggan berserker, but do no damage.
The spriggan defender completely misses you.
The spriggan defender misses you. You furiously retaliate!
You headbutt the spriggan defender.
The spriggan defender hits you but does no damage.
Space warps around you.
The spriggan berserker completely misses you.
The Enchantress casts a spell at you. You resist with some effort.
You shoot a bolt. The bolt misses the spriggan berserker.
The bolt closely misses the spriggan.
The spriggan defender completely misses you. x2
The spriggan defender closely misses you.
The spriggan berserker closely misses you.
The Enchantress completely misses you.
The spriggan air mage completely misses you.
You furiously retaliate!
You headbutt the spriggan air mage.
The spriggan defender completely misses you.
The spriggan defender hits you with a +1 quick blade of distortion!
The spriggan berserker hits you but does no damage.
The Enchantress completely misses you. You furiously retaliate!
You headbutt the Enchantress.
The spriggan defender barely misses you.
The spriggan defender hits you with a +1 quick blade of distortion.
The spriggan defender hits you with a +1 quick blade of distortion!
Space warps horribly around you!!
You blink.
Enter note:
Enter note: You shoot a bolt.
The bolt misses the spriggan air mage.
The Enchantress casts a spell at you. You resist with some effort.
The spriggan berserker hits you with a +0 quarterstaff!
You die...

##..##.##...~.......##.
##..}#.##.......########
##..##.###.....###
#...#.###''..###
#....##..')###
#....##.i..#
#....#..ii.#
##+.##.iii## +##.##.@#
#.#..## #....# #.##.## #
.. ... ... #...


You could see the Enchantress (fast, repels missiles, reflecting), 2 spriggan
defenders, a spriggan berserker (berserk), a spriggan air mage (repels missiles)
and a spriggan.

Vanquished Creatures
  A juggernaut (Depths:1)
  Mennas (Depths:2)
  Bai Suzhen (Swamp:4)
  Margery (Vaults:2)
  Frederick (Vaults:4)
  Saint Roka (Vaults:2)
  Jory (Vaults:2)
  Nikola (Swamp:3)
  2 liches
  Jorgrun (D:12)
  Asterion (Spider:2)
  4 sphinxes
  A tengu reaver (Vaults:4)
  Aizul (Vaults:2)
  Donald (Swamp:4)
  3 daevas (Depths:2)
  2 fire giants
  A balrug (Depths:1)
  2 emperor scorpions (Spider:4)
  2 frost giants
  13 vault wardens
  4 ghost moths (Spider:4)
  3 angels (Depths:2)
  3 orc warlords
  An iron dragon (Depths:3)
  A spriggan defender (Depths:3)
  A caustic shrike zombie (Depths:2)
  2 formless jellyfish
  5 stone giants
  14 ironbound preservers
  A reaper (Depths:1)
  2 war gargoyles
  6 broodmothers
  2 vampire knights
  A very ugly thing (Depths:2)
  3 eleionomae
  7 ironbound thunderhulks
  Nessos (Lair:5)
  A deep elf demonologist (Vaults:4)
  6 dire elephants
  A minotaur (Gauntlet)
  2 bunyips (Swamp:4)
  4 ettins
  Snorg (Lair:5)
  A shambling mangrove (Swamp:4)
  8 yaktaur captains
  A fire dragon (Depths:1)
  7 entropy weavers
  A crystal guardian (Vaults:3)
  Harold (Orc:1)
  Josephine (D:9)
  18 hydras
  A spriggan zombie (Depths:2)
  5 great orbs of eyes
  5 vault guards
  8 ice dragons
  2 rakshasas
  7 ironbound frosthearts
  Erolcha (D:12)
  2 peacekeepers
  2 catoblepae
  A jorogumo (Spider:2)
  10 alligators
  3 ghost crabs
  2 radroaches (Spider:4)
  3 boulder beetles
  A merfolk avatar (Lair:5)
  4 two-headed ogres
  A deep troll shaman (Depths:1)
  11 centaur warriors
  4 orc high priests (Orc:2)
  2 tengu warriors (Depths:2)
  7 demonic crawlers
  4 hell hogs (Depths:1)
  3 spriggan berserkers
  A death scarab (Spider:3)
  A deep troll earth mage (Depths:1)
  A vampire mage (Depths:2)
  5 soul eaters
  5 hell knights
  3 sun demons
  Nergalle (Lair:3)
  Sonja (D:10)
  2 skysharks
  9 spriggans
  6 skeletal warriors (Vaults:3)
  4 iron trolls (Depths:1)
  6 goliath frogs
  3 pharaoh ants
  A storm dragon skeleton (Depths:2)
  6 cherubim (Depths:2)
  34 deep trolls
  Lodul (D:10)
  A glowing orange brain (Depths:1)
  3 spriggan druids
  14 swamp dragons
  2 wizards
  7 orb spiders
  A flayed ghost (Depths:2)
  A sea snake (Lair:5)
  8 steelbarb worms
  6 bog bodies
  An obsidian statue (Gauntlet)
  6 lindwurms
  12 ironbound convokers
  A swamp dragon (shapeshifter) (D:15)
  A tengu zombie (Depths:2)
  5 necromancers
  A phantasmal warrior (Vaults:3)
  3 harpies (Lair:5)
  32 ugly things
  6 orc knights
  5 oklob plants (Lair:5)
  4 orc sorcerers
  7 manticores
  3 will-o-the-wisps
  3 deep elf pyromancers
  A frost giant zombie (Depths:2)
  2 tengu skeletons
  13 wolf spiders
  3 stone giant skeletons
  3 frost giant skeletons (Vaults:3)
  2 cyclopes
  2 moths of wrath (Spider:4)
  2 fire giant skeletons
  13 vault sentinels
  8 black mambas
  A titan simulacrum (Depths:1)
  14 cane toads
  A smoke demon (Depths:1)
  6 torpor snails
  A hellion (Depths:1)
  4 rime drakes
  3 tengu conjurers
  2 efreet (D:15)
  2 yaktaur skeletons (Vaults:3)
  14 komodo dragons
  38 yaktaurs
  7 meliai
  9 trolls
  2 bloated husks
  3 polar bears (Lair:3)
  13 hornets
  7 blink frogs (Lair:5)
  8 tyrant leeches
  19 tarantellas
  A snapping turtle (Lair:5)
  A fire giant simulacrum (Depths:2)
  7 dream sheep (Lair:3)
  24 slime creatures
  A deep troll zombie (Vaults:3)
  A deep troll skeleton (Vaults:3)
  22 culicivoras
  4 water elementals (D:15)
  An ettin skeleton (Vaults:3)
  A stone giant simulacrum (Vaults:3)
  29 jumping spiders
  10 wyverns
  53 yaks
  2 shadows
  6 wraiths
  A basilisk (Lair:2)
  2 steam dragons
  46 redbacks
  4 vampire mosquitoes (Swamp:1)
  2 wargs
  13 swamp worms
  A glowing shapeshifter zombie (Depths:2)
  2 acid dragons
  A glowing shapeshifter skeleton (Vaults:3)
  8 water moccasins
  3 sky beasts
  An ice beast (D:4)
  6 swamp drakes
  36 orc warriors
  A black bear (D:10)
  A sky beast (shapeshifter) (D:13)
  15 ogres
  17 wolves
  10 centaurs
  A human skeleton (Vaults:3)
  6 elf zombies (Ossuary)
  10 bullfrogs
  3 kobold brigands (D:12)
  2 scorpions
  4 gnoll sergeants
  A glowing shapeshifter simulacrum (Vaults:3)
  4 wights (D:6)
  12 killer bees
  7 howler monkeys
  3 electric eels
  2 centaur zombies (Ossuary)
  8 hounds
  24 orc priests
  4 human zombies (Ossuary)
  5 jellies
  A gnoll bouda (D:8)
  13 iguanas
  30 orc wizards
  3 mummies (Ossuary)
  14 gnolls
  8 adders
  11 shadow imps
  2 ufetubi
  A worm (D:4)
  4 dart slugs
  101 orcs
  6 endoplasms
  A giant cockroach (D:3)
  A goblin (D:4)
  6 hobgoblins
  3 jackals (D:3)
  3 quokkas
  9 ball pythons
  3 bats
  19 frilled lizards
  2 goblin zombies (D:7)
  10 kobolds
  3 rats (D:2)
  A spectral weapon (Spider:2)
1351 creatures vanquished.

Vanquished Creatures (others)
  A goliath frog (Swamp:2)
  3 bloated husks
  A tyrant leech (Swamp:3)
  4 foxfires (Swamp:1)
9 creatures vanquished.

Grand Total: 1360 creatures vanquished

Notes
Turn   | Place    | Note
-------+----------+-------------------------------------------
     0 | D:1      | qw the Minotaur Hexslinger began the quest for the Orb.
     0 | D:1      | Reached XP level 1. HP: 16/16 MP: 1/1
     0 | D:1      | 0 ||| qw: Version: 0.3-a-52-g30416fa
     0 | D:1      | 0 ||| qw: Game counter: 5999
     0 | D:1      | 0 ||| qw: Melee chars always use a shield: true
     0 | D:1      | 0 ||| qw: God list: Okawaru
     0 | D:1      | 0 ||| qw: Allow faded altars: false
     0 | D:1      | 0 ||| qw: Do Orc after clearing Dungeon:15 true
     0 | D:1      | 0 ||| qw: Do second Lair branch before Depths: true
     0 | D:1      | 0 ||| qw: Lair rune preference: random
     0 | D:1      | 0 ||| qw: Goals: Normal
     0 | D:1      | 0 ||| PLANNING D:1-11
   133 | D:1      | Reached skill level 3 in Ranged Weapons
   148 | D:1      | Reached XP level 2. HP: 23/23 MP: 2/2
   190 | D:1      | Reached skill level 2 in Fighting
   668 | D:1      | 668 ||| UPGRADING to +0 pair of boots.
   673 | D:1      | 673 ||| UPGRADING to +0 ring mail.
   683 | D:1      | 683 ||| DROPPING +0 robe.
   684 | D:1      | 684 ||| UPGRADING to +6 ring of dexterity.
   685 | D:1      | 685 ||| READING 2 scrolls labelled YNEL VOKEFI.
   686 | D:1      | 686 ||| READING scroll of enchant weapon.
   686 | D:1      | 686 ||| ENCHANTING +2 sling.
   687 | D:1      | 687 ||| READING scroll labelled HAIRAO ABLYFAKACH.
   788 | D:1      | 788 ||| DRINKING 2 blue potions.
   789 | D:1      | 789 ||| DROPPING scroll of poison.
   790 | D:1      | 790 ||| DROPPING potion of invisibility.
   931 | D:2      | Reached XP level 3. HP: 29/29 MP: 3/3
  1232 | D:2      | 1232 ||| FLEEEEING.
  1390 | D:2      | Reached skill level 1 in Armour
  1448 | D:2      | Reached XP level 4. HP: 36/36 MP: 4/4
  2011 | D:2      | 2011 ||| READING scroll labelled WIQEOGO UXKIEC.
  2374 | D:3      | 2374 ||| Stepping ~*~*~tactically~*~*~ (outnumbered).
  2413 | D:3      | Found a faded altar of an unknown god.
  2815 | D:3      | 2815 ||| READING scroll labelled FAL UVUFOJ.
  2816 | D:3      | 2816 ||| READING scroll labelled TUUDIUFOPT.
  2859 | D:4      | Reached skill level 3 in Fighting
  2859 | D:4      | Reached XP level 5. HP: 41/45 MP: 5/5
  2897 | D:4      | Noticed an ice beast
  2912 | D:4      | Killed an ice beast
  2913 | D:4      | Reached skill level 6 in Ranged Weapons
  2913 | D:4      | Reached XP level 6. HP: 30/51 MP: 6/6
  2917 | D:4      | Reached skill level 4 in Fighting
  2962 | D:4      | 2962 ||| FLEEEEING.
  2963 | D:4      | 2963 ||| FLEEEEING.
  3243 | D:4      | 3243 ||| DRINKING 2 fuming cyan potions.
  3243 | D:4      | Gained mutation: Your system is resistant to poisons.
                  | (rPois) [potion of mutation]
  3243 | D:4      | Gained mutation: You are agile. (Dex +4, Str/Int -1)
                  | [potion of mutation]
  3243 | D:4      | Gained mutation: You occasionally lose the ability to read
                  | scrolls when taking damage. [potion of mutation]
  3243 | D:4      | Gained mutation: Your mind is acute. (Int +4, Str/Dex -1)
                  | [potion of mutation]
  3244 | D:4      | 3244 ||| DRINKING potion of mutation.
  3244 | D:4      | Lost mutation: Your system is resistant to poisons. (rPois)
                  | [potion of mutation]
  3244 | D:4      | Lost mutation: You occasionally lose the ability to read
                  | scrolls when taking damage. [potion of mutation]
  3244 | D:4      | Gained mutation: You are very agile. (Dex +8, Str/Int -2)
                  | [potion of mutation]
  3244 | D:4      | Gained mutation: You have a pair of large horns on your
                  | head. [potion of mutation]
  3253 | D:4      | 3253 ||| STAIRDANCE
  3255 | D:3      | 3255 ||| READING scroll of enchant armour.
  3255 | D:3      | 3255 ||| ENCHANTING +0 pair of boots.
  3258 | D:3      | Found a blossoming altar of Fedhas.
  3432 | D:4      | Noticed a sky beast
  3442 | D:4      | Killed a sky beast
  3443 | D:4      | Reached skill level 3 in Dodging
  3614 | D:4      | 3614 ||| READING scroll of enchant weapon.
  3614 | D:4      | 3614 ||| ENCHANTING +3 sling.
  3868 | D:4      | Reached XP level 7. HP: 59/59 MP: 7/7
  3871 | D:4      | Found a burning altar of Makhleb.
  4041 | D:4      | 4041 ||| DROPPING amulet of magic regeneration.
  4042 | D:4      | 4042 ||| UPGRADING to amulet of reflection.
  4047 | D:4      | 4047 ||| READING scroll labelled KOVAAPOOLO.
  4051 | D:4      | 4051 ||| DRINKING 3 murky dark potions.
  4084 | D:4      | 4084 ||| DRINKING 2 sapphire potions.
  4085 | D:4      | 4085 ||| DRINKING 2 clear potions.
  4086 | D:4      | 4086 ||| DROPPING 2 potions of lignification.
  4087 | D:4      | 4087 ||| DROPPING potion of brilliance.
  4118 | D:5      | Entered Level 5 of the Dungeon
  4445 | D:5      | Found a snail-covered altar of Cheibriados.
  4663 | D:5      | Found a shimmering blue altar of Sif Muna.
  4875 | D:5      | 4875 ||| UPGRADING to +4 ring of slaying {mikee}.
  4896 | D:6      | Reached skill level 3 in Armour
  4908 | D:6      | Found Quprutennut's Jewellery Shoppe.
  4963 | D:6      | Noticed qw's ghost (novice GrHs)
  4965 | D:6      | Found a runed translucent gate.
  4966 | D:6      | Found a runed translucent gate.
  4967 | D:6      | Found a runed translucent gate.
  5000 | D:6      | Noticed a steam dragon
  5006 | D:6      | Killed a steam dragon
  5007 | D:6      | Reached skill level 5 in Fighting
  5007 | D:6      | Reached XP level 8. HP: 70/70 MP: 8/8
  5017 | D:6      | 5017 ||| Stepping ~*~*~tactically~*~*~ (outnumbered).
  5032 | D:6      | 5032 ||| FLEEEEING.
  5038 | D:6      | 5038 ||| FLEEEEING.
  5039 | D:6      | 5039 ||| FLEEEEING.
  5040 | D:6      | 5040 ||| FLEEEEING.
  5041 | D:6      | 5041 ||| FLEEEEING.
  5042 | D:6      | 5042 ||| FLEEEEING.
  5043 | D:6      | 5043 ||| FLEEEEING.
  5044 | D:6      | 5044 ||| FLEEEEING.
  5045 | D:6      | 5045 ||| FLEEEEING.
  5046 | D:6      | 5046 ||| FLEEEEING.
  5047 | D:6      | 5047 ||| FLEEEEING.
  5048 | D:6      | 5048 ||| FLEEEEING.
  5049 | D:6      | 5049 ||| FLEEEEING.
  5050 | D:6      | 5050 ||| FLEEEEING.
  5051 | D:6      | 5051 ||| FLEEEEING.
  5052 | D:6      | 5052 ||| FLEEEEING.
  5053 | D:6      | 5053 ||| FLEEEEING.
  5054 | D:6      | 5054 ||| STAIRDANCE
  5103 | D:5      | 5103 ||| UPGRADING to +0 steam dragon scales.
  5113 | D:5      | 5113 ||| DROPPING +0 ring mail.
  5119 | D:6      | 5119 ||| STAIRDANCE
  5119 | D:6      | HP: 17/70 [ogre/+0 giant spiked club (17)]
  5410 | D:6      | Reached skill level 9 in Ranged Weapons
  5413 | D:6      | Reached skill level 6 in Fighting
  5606 | D:6      | 5606 ||| DRINKING 3 orange potions.
  5607 | D:6      | 5607 ||| DROPPING 2 potions of degeneration.
  5617 | D:7      | 5617 ||| PLANNING OSSUARY
  5634 | D:7      | HP: 17/70 [killer bee (4)]
  5635 | D:7      | 5635 ||| READING scroll of teleportation.
  5636 | D:7      | 5636 ||| DRINKING potion of heal wounds.
  5860 | D:7      | Found a sand-covered staircase.
  5873 | Ossuary  | Entered an ossuary
  5910 | Ossuary  | Reached XP level 9. HP: 65/75 MP: 9/9
  5960 | Ossuary  | Reached skill level 6 in Dodging
  5975 | Ossuary  | 5975 ||| FLEEEEING.
  5976 | Ossuary  | 5976 ||| FLEEEEING.
  5977 | Ossuary  | 5977 ||| FLEEEEING.
  5978 | Ossuary  | 5978 ||| FLEEEEING.
  6109 | Ossuary  | Reached skill level 7 in Fighting
  6127 | Ossuary  | 6127 ||| READING scroll labelled WUDINAGA WOT.
  6128 | Ossuary  | 6128 ||| READING 2 scrolls labelled YXADAOC FIDOH.
  6129 | Ossuary  | 6129 ||| DRINKING 5 green potions.
  6130 | Ossuary  | 6130 ||| DROPPING scroll of fog.
  6140 | D:7      | 6140 ||| PLANNING D:1-11
  6210 | D:7      | 6210 ||| READING 3 scrolls labelled XOAWKU IRECS.
  6211 | D:7      | 6211 ||| DRINKING 2 amethyst potions.
  6212 | D:7      | 6212 ||| READING 2 scrolls of identify.
  6212 | D:7      | 6212 ||| IDENTIFYING fizzy silvery potion
  6213 | D:7      | 6213 ||| DROPPING potion of ambrosia.
  6326 | D:7      | Found an ancient bone altar of Kikubaaqudgha.
  6358 | D:7      | Found a sparkling altar of Nemelex Xobeh.
  6366 | D:6      | 6366 ||| BUYING +5 ring of evasion (396 gold).
  6366 | D:6      | Bought a +5 ring of evasion for 396 gold pieces
  6366 | D:6      | 6366 ||| SHOPLISTING ring "Rujax" {rElec rF+ Will+ AC+4
                  | Int+5} (804 gold, have 18).
  6366 | D:6      | 6366 ||| SHOPLISTING ring of fire (275 gold, have 18).
  6366 | D:6      | 6366 ||| SHOPLISTING ring of protection from fire (275
                  | gold, have 18).
  6366 | D:6      | 6366 ||| UPGRADING to +5 ring of evasion.
  6368 | D:6      | 6368 ||| DROPPING +4 ring of slaying {mikee}.
  6439 | D:7      | Found a staircase to the Ecumenical Temple.
  6440 | D:7      | 6440 ||| PLANNING TEMPLE
  6440 | D:7      | 6440 ||| DROPPING amulet of guardian spirit.
  6441 | D:7      | 6441 ||| READING scroll labelled ETICLIELOCIY.
  6572 | D:7      | 6572 ||| DROPPING ring of flight.
  6574 | Temple   | Entered the Ecumenical Temple
  6592 | Temple   | 6592 ||| PLANNING OKAWARU WORSHIP
  6635 | Temple   | Became a worshipper of Warmaster Okawaru
  6636 | Temple   | 6636 ||| PLANNING D:1-11
  6903 | D:8      | 6903 ||| SWAPPING to +0 orcbow.
  6904 | D:8      | 6904 ||| DROPPING +4 sling.
  6977 | D:8      | Reached * piety under Okawaru
  6978 | D:8      | 6978 ||| INVOKING Heroism.
  7219 | D:8      | Found a hazy altar of Hepliaklqana.
  7371 | D:8      | Reached skill level 12 in Ranged Weapons
  7389 | D:8      | Found a basalt altar of Yredelemnul.
  7389 | D:8      | Found a stormy altar of Qazlal.
  7393 | D:8      | Found a white marble altar of Elyvilon.
  7423 | D:8      | 7423 ||| INVOKING Heroism.
  7437 | D:8      | 7437 ||| INVOKING Heroism.
  7485 | D:8      | 7485 ||| DRINKING 2 yellow potions.
  7486 | D:8      | 7486 ||| READING 2 scrolls of identify.
  7486 | D:8      | 7486 ||| IDENTIFYING glowing orange potion
  7537 | D:9      | Noticed a two-headed ogre
  7541 | D:9      | 7541 ||| STAIRDANCE
  7545 | D:8      | Killed a two-headed ogre
  7546 | D:8      | Reached XP level 10. HP: 63/86 MP: 10/10
  7621 | D:9      | 7621 ||| Stepping ~*~*~tactically~*~*~ (outnumbered).
  7624 | D:9      | 7624 ||| INVOKING Heroism.
  7631 | D:9      | Reached skill level 1 in Invocations
  7658 | D:9      | 7658 ||| Stepping ~*~*~tactically~*~*~ (outnumbered).
  7659 | D:9      | 7659 ||| Stepping ~*~*~tactically~*~*~ (outnumbered).
  7661 | D:9      | 7661 ||| Stepping ~*~*~tactically~*~*~ (outnumbered).
  7931 | D:9      | Noticed an orange crystal statue
  7932 | D:9      | 7932 ||| INVOKING Heroism.
  7933 | D:9      | 7933 ||| READING scroll labelled QUTALE ICSIUWU.
  8033 | D:9      | 8033 ||| FLEEEEING.
  8034 | D:9      | 8034 ||| FLEEEEING.
  8036 | D:9      | 8036 ||| FLEEEEING.
  8037 | D:9      | 8037 ||| FLEEEEING.
  8038 | D:9      | 8038 ||| FLEEEEING.
  8039 | D:9      | 8039 ||| FLEEEEING.
  8040 | D:9      | 8040 ||| FLEEEEING.
  8041 | D:9      | 8041 ||| FLEEEEING.
  8047 | D:9      | Reached skill level 8 in Fighting
  8047 | D:9      | Reached skill level 3 in Invocations
  8087 | D:9      | Found a shadowy altar of Dithmenos.
  8090 | D:9      | Reached ** piety under Okawaru
  8205 | D:9      | Found a glowing golden altar of the Shining One.
  8589 | D:9      | 8589 ||| INVOKING Heroism.
  8630 | D:9      | 8630 ||| READING scroll labelled FULEST ODESCH.
  8660 | D:10     | Entered Level 10 of the Dungeon
  8679 | D:10     | 8679 ||| STAIRDANCE
  8735 | D:10     | 8735 ||| INVOKING Heroism.
  8742 | D:10     | Reached skill level 9 in Fighting
  8860 | D:10     | 8860 ||| READING scroll of enchant weapon.
  8860 | D:10     | 8860 ||| ENCHANTING +0 orcbow.
  8922 | D:10     | 8922 ||| INVOKING Heroism.
  8989 | D:10     | Reached skill level 9 in Dodging
  8992 | D:10     | Noticed Lodul
  8992 | D:10     | Noticed a two-headed ogre
  8993 | D:10     | 8993 ||| INVOKING Heroism.
  9004 | D:10     | Killed Lodul
  9004 | D:10     | Reached *** piety under Okawaru
  9005 | D:10     | Reached XP level 11. HP: 97/97 MP: 11/13
  9010 | D:10     | Killed a two-headed ogre
  9038 | D:10     | Noticed Josephine
  9042 | D:10     | 9042 ||| FLEEEEING.
  9043 | D:10     | 9043 ||| FLEEEEING.
  9047 | D:10     | 9047 ||| FLEEEEING.
  9048 | D:10     | 9048 ||| FLEEEEING.
  9049 | D:10     | 9049 ||| FLEEEEING.
  9050 | D:10     | 9050 ||| FLEEEEING.
  9051 | D:10     | 9051 ||| FLEEEEING.
  9052 | D:10     | 9052 ||| STAIRDANCE
  9150 | D:9      | 9150 ||| READING scroll labelled ZACOG BU CEKK.
  9151 | D:9      | 9151 ||| READING scroll labelled TAIRORO SIEDUMIOZ.
  9151 | D:9      | Identified a scroll of acquirement
  9151 | D:9      | 9151 ||| ACQUIRING +2 arbalest of Bloody Death {antimagic,
                  | rN+ Will+}
  9151 | D:9      | Acquired the +2 arbalest of Bloody Death {antimagic, rN+
                  | Will+}
  9160 | D:10     | 9160 ||| STAIRDANCE
  9160 | D:10     | Noticed Sonja
  9165 | D:9      | 9165 ||| INVOKING Heroism.
  9166 | D:9      | Killed Josephine
  9166 | D:9      | Reached **** piety under Okawaru
  9291 | D:10     | Killed Sonja
  9424 | D:10     | Found a staircase to the Lair.
  9425 | D:10     | 9425 ||| INVOKING Heroism.
  9503 | D:10     | 9503 ||| PLANNING LAIR
  9503 | D:10     | 9503 ||| UPGRADING to +1 cloak.
  9543 | Lair:1   | Entered Level 1 of the Lair of Beasts
  9642 | Lair:1   | 9642 ||| INVOKING Heroism.
  9941 | Lair:1   | 9941 ||| INVOKING Heroism.
  9948 | Lair:1   | Reached skill level 10 in Fighting
 10005 | Lair:1   | 10005 ||| INVOKING Heroism.
 10030 | Lair:1   | 10030 ||| FLEEEEING.
 10031 | Lair:1   | 10031 ||| FLEEEEING.
 10140 | Lair:1   | 10140 ||| INVOKING Heroism.
 10302 | Lair:1   | 10302 ||| Stepping ~*~*~tactically~*~*~ (water).
 10303 | Lair:1   | 10303 ||| INVOKING Heroism.
 10332 | Lair:1   | 10332 ||| INVOKING Heroism.
 10486 | Lair:1   | 10486 ||| INVOKING Heroism.
 10514 | Lair:1   | 10514 ||| INVOKING Heroism.
 10516 | Lair:1   | Reached skill level 15 in Ranged Weapons
 10657 | Lair:1   | 10657 ||| DROPPING ring of poison resistance.
 10658 | Lair:1   | 10658 ||| READING scroll labelled REGUUF RIOFER.
 10659 | Lair:1   | 10659 ||| READING 3 scrolls of identify.
 10659 | Lair:1   | 10659 ||| IDENTIFYING lumpy grey potion
 10660 | Lair:1   | 10660 ||| READING 2 scrolls of identify.
 10660 | Lair:1   | 10660 ||| IDENTIFYING metallic cyan potion
 10661 | Lair:1   | 10661 ||| DROPPING potion of attraction.
 10770 | Lair:2   | 10770 ||| INVOKING Heroism.
 10811 | Lair:2   | 10811 ||| INVOKING Heroism.
 10891 | Lair:2   | Found a dark tunnel.
 10984 | Lair:2   | 10984 ||| INVOKING Heroism.
 10992 | Lair:2   | Reached XP level 12. HP: 106/106 MP: 11/14
 11139 | Lair:2   | Found a staircase to the Swamp.
 11144 | Lair:2   | 11144 ||| INVOKING Heroism.
 11196 | Lair:2   | Reached skill level 6 in Invocations
 11207 | Lair:2   | 11207 ||| INVOKING Heroism.
 11294 | Lair:2   | Found a hole to the Spider Nest.
 11295 | Lair:2   | 11295 ||| INVOKING Heroism.
 11356 | Lair:2   | Reached ***** piety under Okawaru
 11752 | Lair:3   | 11752 ||| STAIRDANCE
 11775 | Lair:3   | Noticed Nergalle
 11776 | Lair:3   | 11776 ||| INVOKING Heroism.
 11784 | Lair:3   | Killed Nergalle
 11815 | Lair:3   | 11815 ||| INVOKING Heroism.
 11936 | Lair:3   | 11936 ||| INVOKING Heroism.
 12099 | Lair:3   | Noticed a four-headed hydra
 12100 | Lair:3   | 12100 ||| INVOKING Heroism.
 12114 | Lair:3   | Killed a four-headed hydra
 12141 | Lair:3   | 12141 ||| INVOKING Heroism.
 12270 | Lair:3   | 12270 ||| FLEEEEING.
 12271 | Lair:3   | 12271 ||| FLEEEEING.
 12272 | Lair:3   | 12272 ||| FLEEEEING.
 12273 | Lair:3   | 12273 ||| FLEEEEING.
 12276 | Lair:3   | 12276 ||| INVOKING Heroism.
 12289 | Lair:3   | Reached skill level 9 in Invocations
 12840 | Lair:3   | 12840 ||| DROPPING amulet of the acrobat.
 12849 | Lair:4   | 12849 ||| PLANNING GAUNTLET
 12887 | Lair:4   | 12887 ||| INVOKING Heroism.
 12889 | Lair:4   | Received a gift from Okawaru
 12944 | Lair:4   | 12944 ||| SWAPPING to +1 longbow of draining.
 12945 | Lair:4   | 12945 ||| DROPPING +2 arbalest of Bloody Death {antimagic,
                  | rN+ Will+}.
 12946 | Lair:4   | 12946 ||| DROPPING +1 orcbow.
 12958 | Lair:4   | Identified the +2 robe "Baith" {*Slow Str+5 Dex+2}
 12978 | Lair:4   | Reached XP level 13. HP: 115/115 MP: 18/18
 13004 | Lair:4   | Found a gate leading to a gauntlet.
 13005 | Lair:4   | 13005 ||| DROPPING +2 robe "Baith" {*Slow Str+5 Dex+2}.
 13011 | Lair:4   | 13011 ||| INVOKING Heroism.
 13013 | Lair:4   | Reached skill level 11 in Fighting
 13064 | Gauntlet | Entered a Gauntlet
 13064 | Gauntlet | Found a transporter.
 13071 | Gauntlet | Found a transporter.
 13074 | Gauntlet | Found a transporter.
 13085 | Gauntlet | Found a transporter.
 13088 | Gauntlet | Found a transporter.
 13092 | Gauntlet | Found a runed translucent door.
 13093 | Gauntlet | Found a runed translucent door.
 13097 | Gauntlet | Found a transporter.
 13116 | Gauntlet | Found a transporter.
 13126 | Gauntlet | Found a transporter.
 13138 | Gauntlet | Found a transporter.
 13155 | Gauntlet | Found a transporter.
 13164 | Gauntlet | Found a transporter.
 13164 | Gauntlet | Found a transporter.
 13210 | Gauntlet | Found a transporter.
 13228 | Gauntlet | Found a transporter.
 13322 | Gauntlet | 13322 ||| UPGRADING to +1 pair of gloves of infusion.
 13349 | Gauntlet | 13349 ||| INVOKING Heroism.
 13495 | Gauntlet | 13495 ||| DRINKING 3 sedimented silvery potions.
 13506 | Gauntlet | 13506 ||| INVOKING Heroism.
 13507 | Gauntlet | 13507 ||| INVOKING Finesse.
 13651 | Gauntlet | Identified the +5 cloak "Baggec" {rN+ Will- Regen+ Str+4}
 13657 | Gauntlet | 13657 ||| READING scroll of enchant weapon.
 13657 | Gauntlet | 13657 ||| ENCHANTING +1 longbow of draining.
 13658 | Gauntlet | 13658 ||| UPGRADING to +5 cloak "Baggec" {rN+ Will- Regen+
                  | Str+4}.
 13668 | Gauntlet | 13668 ||| DROPPING +1 cloak.
 13680 | Gauntlet | Noticed a minotaur
 13681 | Gauntlet | 13681 ||| INVOKING Heroism.
 13682 | Gauntlet | 13682 ||| INVOKING Finesse.
 13689 | Gauntlet | Killed a minotaur
 13769 | Gauntlet | 13769 ||| UPGRADING to +2 ring mail of fire resistance.
 13779 | Gauntlet | 13779 ||| DROPPING +0 steam dragon scales.
 13791 | Lair:4   | 13791 ||| PLANNING LAIR
 14108 | Lair:4   | Reached skill level 6 in Armour
 14212 | Lair:4   | 14212 ||| INVOKING Heroism.
 14214 | Lair:4   | 14214 ||| Stepping ~*~*~tactically~*~*~ (cloud).
 14219 | Lair:4   | 14219 ||| Stepping ~*~*~tactically~*~*~ (cloud).
 14687 | Lair:5   | Entered Level 5 of the Lair of Beasts
 14711 | Lair:5   | Received a gift from Okawaru
 14722 | Lair:5   | 14722 ||| INVOKING Heroism.
 14765 | Lair:5   | 14765 ||| INVOKING Heroism.
 14780 | Lair:5   | 14780 ||| Stepping ~*~*~tactically~*~*~ (water).
 14791 | Lair:5   | HP: 18/116 [manticore (17)]
 14792 | Lair:5   | 14792 ||| READING 6 scrolls of teleportation.
 14793 | Lair:5   | 14793 ||| DRINKING 2 potions of heal wounds.
 14794 | Lair:5   | 14794 ||| INVOKING Heroism.
 14839 | Lair:5   | 14839 ||| INVOKING Heroism.
 14926 | Lair:5   | 14926 ||| INVOKING Heroism.
 14933 | Lair:5   | Reached skill level 18 in Ranged Weapons
 14939 | Lair:5   | 14939 ||| INVOKING Finesse.
 14945 | Lair:5   | Received a gift from Okawaru
 14989 | Lair:5   | Noticed Nessos
 14996 | Lair:5   | 14996 ||| INVOKING Finesse.
 14999 | Lair:5   | 14999 ||| INVOKING Heroism.
 15002 | Lair:5   | Killed Nessos
 15063 | Lair:5   | 15063 ||| SWAPPING to +3 longbow of flaming.
 15064 | Lair:5   | 15064 ||| DROPPING +2 longbow of draining.
 15067 | Lair:5   | 15067 ||| INVOKING Heroism.
 15070 | Lair:5   | Reached skill level 12 in Fighting
 15201 | Lair:5   | Noticed Snorg
 15202 | Lair:5   | 15202 ||| INVOKING Heroism.
 15206 | Lair:5   | Killed Snorg
 15207 | Lair:5   | Reached XP level 14. HP: 126/126 MP: 17/20
 15286 | Lair:5   | 15286 ||| Stepping ~*~*~tactically~*~*~ (water).
 15289 | Lair:5   | 15289 ||| INVOKING Heroism.
 15373 | Lair:5   | Received a gift from Okawaru
 15468 | Lair:5   | 15468 ||| INVOKING Heroism.
 15496 | Lair:5   | Identified the +7 trident "Lopnote" {heavy, *Rage Will+
                  | rCorr Dex+5}
 15499 | Lair:5   | 15499 ||| INVOKING Heroism.
 15524 | Lair:5   | 15524 ||| READING scroll of enchant armour.
 15524 | Lair:5   | 15524 ||| ENCHANTING +1 pair of gloves of infusion.
 15528 | Lair:5   | Identified the +4 rapier of Gutriptu {freeze, Fragile rElec
                  | SInv}
 15593 | Lair:5   | 15593 ||| INVOKING Heroism.
 15618 | Lair:5   | Found a viscous altar of Jiyva.
 15646 | Lair:5   | 15646 ||| INVOKING Heroism.
 15654 | Lair:5   | 15654 ||| FLEEEEING.
 15710 | Lair:5   | 15710 ||| INVOKING Heroism.
 15723 | Lair:5   | Found a staircase to the Slime Pits.
 15777 | Lair:5   | 15777 ||| PLANNING D:1-11
 15777 | Lair:5   | 15777 ||| DRINKING 2 fuming emerald potions.
 15999 | D:11     | 15999 ||| DRINKING 9 potions of curing.
 15999 | D:11     | 15999 ||| (to cure confusion)
 16572 | D:11     | 16572 ||| PLANNING D
 16572 | D:11     | 16572 ||| UPGRADING to amulet of faith.
 16582 | D:11     | 16582 ||| DROPPING ring of protection from cold.
 16626 | D:12     | 16626 ||| INVOKING Heroism.
 16810 | D:12     | Noticed Erolcha
 16811 | D:12     | 16811 ||| INVOKING Heroism.
 16814 | D:12     | Killed Erolcha
 17029 | D:12     | Reached skill level 13 in Fighting
 17084 | D:12     | Found a staircase to the Orcish Mines.
 17085 | D:12     | 17085 ||| Stepping ~*~*~tactically~*~*~ (outnumbered).
 17106 | D:12     | 17106 ||| Stepping ~*~*~tactically~*~*~ (outnumbered).
 17500 | D:12     | Noticed Jorgrun
 17501 | D:12     | 17501 ||| DRINKING 2 potions of cancellation.
 17502 | D:12     | 17502 ||| INVOKING Heroism.
 17513 | D:12     | Killed Jorgrun
 17559 | D:12     | 17559 ||| READING scroll labelled QATHRA GEOGI.
 17585 | D:13     | 17585 ||| INVOKING Heroism.
 17654 | D:13     | Found a transporter.
 17661 | D:13     | Found a transporter.
 17718 | D:13     | Found the +2 hood of the Assassin {Detect Stab+ Stlth++}
 17737 | D:13     | Reached skill level 12 in Dodging
 17737 | D:13     | Found Ururghe's Weapon Boutique.
 17782 | D:13     | Identified the +6 chain mail "Headwa" {MP+9 Dex+2}
 17847 | D:13     | Found a transporter.
 17917 | D:13     | Found a transporter.
 18073 | D:14     | 18073 ||| STAIRDANCE
 18075 | D:13     | 18075 ||| INVOKING Heroism.
 18079 | D:13     | HP: 28/129 [poisoned by a green ugly thing]
 18080 | D:13     | 18080 ||| READING 5 scrolls of teleportation.
 18081 | D:13     | 18081 ||| DRINKING 4 potions of heal wounds.
 18084 | D:13     | HP: 27/129 [poisoned by a green ugly thing]
 18089 | D:13     | HP: 21/129 [poisoned by a green ugly thing]
 18094 | D:13     | HP: 22/129 [poisoned by a green ugly thing]
 18381 | D:14     | Received a gift from Okawaru
 18638 | D:14     | 18638 ||| INVOKING Heroism.
 18639 | D:14     | 18639 ||| INVOKING Finesse.
 18643 | D:14     | 18643 ||| Stepping ~*~*~tactically~*~*~ (cloud).
 18817 | D:14     | Found a stormy altar of Qazlal.
 19014 | D:14     | 19014 ||| INVOKING Heroism.
 19029 | D:14     | Found a gate to the Vaults.
 19073 | D:14     | 19073 ||| DROPPING +2 pair of gloves of stealth.
 19074 | D:14     | 19074 ||| READING 2 scrolls of identify.
 19074 | D:14     | 19074 ||| IDENTIFYING glowing coppery potion
 19075 | D:14     | 19075 ||| DRINKING potion of experience.
 19075 | D:14     | Reached XP level 15. HP: 135/135 MP: 21/21
 19132 | D:15     | Entered Level 15 of the Dungeon
 19133 | D:15     | 19133 ||| INVOKING Heroism.
 19211 | D:15     | 19211 ||| Stepping ~*~*~tactically~*~*~ (outnumbered).
 19217 | D:15     | 19217 ||| Stepping ~*~*~tactically~*~*~ (outnumbered).
 19218 | D:15     | 19218 ||| Stepping ~*~*~tactically~*~*~ (outnumbered).
 19227 | D:15     | 19227 ||| INVOKING Heroism.
 19232 | D:15     | Reached skill level 14 in Fighting
 19232 | D:15     | Reached XP level 16. HP: 96/146 MP: 19/22
 19300 | D:15     | Found an iron altar of Okawaru.
 19334 | D:15     | 19334 ||| FLEEEEING.
 19345 | D:15     | 19345 ||| INVOKING Heroism.
 19393 | D:15     | Found a staircase to the Depths.
 19474 | D:15     | 19474 ||| INVOKING Heroism.
 19476 | D:15     | 19476 ||| Stepping ~*~*~tactically~*~*~ (outnumbered).
 19549 | D:15     | 19549 ||| INVOKING Heroism.
 19559 | D:15     | Reached skill level 9 in Armour
 19601 | D:15     | 19601 ||| Stepping ~*~*~tactically~*~*~ (water).
 19603 | D:15     | 19603 ||| Stepping ~*~*~tactically~*~*~ (water).
 19731 | D:15     | 19731 ||| Stepping ~*~*~tactically~*~*~ (outnumbered).
 19733 | D:15     | 19733 ||| Stepping ~*~*~tactically~*~*~ (outnumbered).
 19923 | D:15     | 19923 ||| PLANNING ORC
 20015 | Orc:1    | Entered Level 1 of the Orcish Mines
 20032 | Orc:1    | 20032 ||| INVOKING Heroism.
 20033 | Orc:1    | 20033 ||| INVOKING Finesse.
 20052 | Orc:1    | Received a gift from Okawaru
 20226 | Orc:1    | 20226 ||| Stepping ~*~*~tactically~*~*~ (outnumbered).
 20235 | Orc:1    | 20235 ||| INVOKING Heroism.
 20241 | Orc:1    | Reached skill level 15 in Fighting
 20346 | Orc:1    | Noticed Harold
 20356 | Orc:1    | Killed Harold
 20516 | Orc:1    | 20516 ||| UPGRADING to +0 troll leather armour.
 20526 | Orc:1    | 20526 ||| DROPPING +1 robe.
 20541 | Orc:2    | Entered Level 2 of the Orcish Mines
 20541 | Orc:2    | Found a staircase to the Elven Halls.
 20949 | Orc:2    | 20949 ||| Stepping ~*~*~tactically~*~*~ (outnumbered).
 20951 | Orc:2    | 20951 ||| Stepping ~*~*~tactically~*~*~ (outnumbered).
 20966 | Orc:2    | 20966 ||| Stepping ~*~*~tactically~*~*~ (outnumbered).
 20967 | Orc:2    | 20967 ||| Stepping ~*~*~tactically~*~*~ (outnumbered).
 20969 | Orc:2    | 20969 ||| Stepping ~*~*~tactically~*~*~ (outnumbered).
 20972 | Orc:2    | 20972 ||| INVOKING Heroism.
 20981 | Orc:2    | 20981 ||| DRINKING 11 potions of curing.
 20981 | Orc:2    | 20981 ||| (to cure confusion)
 20995 | Orc:2    | 20995 ||| INVOKING Heroism.
 21007 | Orc:2    | 21007 ||| INVOKING Finesse.
 21059 | Orc:2    | 21059 ||| Stepping ~*~*~tactically~*~*~ (outnumbered).
 21064 | Orc:2    | 21064 ||| Stepping ~*~*~tactically~*~*~ (outnumbered).
 21077 | Orc:2    | 21077 ||| Stepping ~*~*~tactically~*~*~ (outnumbered).
 21079 | Orc:2    | 21079 ||| Stepping ~*~*~tactically~*~*~ (outnumbered).
 21081 | Orc:2    | 21081 ||| INVOKING Heroism.
 21103 | Orc:2    | 21103 ||| Stepping ~*~*~tactically~*~*~ (outnumbered).
 21105 | Orc:2    | 21105 ||| Stepping ~*~*~tactically~*~*~ (outnumbered).
 21132 | Orc:2    | 21132 ||| DRINKING 10 potions of curing.
 21132 | Orc:2    | 21132 ||| (to cure confusion)
 21164 | Orc:2    | Found Teicubih's Antique Armour Shop.
 21165 | Orc:2    | Found Muiweum's Antique Weapon Shop.
 21167 | Orc:2    | Found Deduumim's General Store.
 21167 | Orc:2    | Found Xigorph's Jewellery Boutique.
 21171 | Orc:2    | 21171 ||| BUYING scroll of acquirement (780 gold).
 21171 | Orc:2    | Bought a scroll of acquirement for 780 gold pieces
 21171 | Orc:2    | 21171 ||| READING scroll of acquirement.
 21171 | Orc:2    | 21171 ||| ACQUIRING 588 gold pieces
 21171 | Orc:2    | Acquired 588 gold pieces
 21183 | Orc:2    | 21183 ||| BUYING pair of runed gloves (240 gold).
 21183 | Orc:2    | Bought a pair of runed gloves for 240 gold pieces
 21320 | Orc:2    | 21320 ||| PLANNING SPIDER:1-3
 21320 | Orc:2    | 21320 ||| DROPPING +1 pair of gloves of strength.
 21477 | Spider:1 | Entered Level 1 of the Spider Nest
 21484 | Spider:1 | 21484 ||| INVOKING Heroism.
 21533 | Spider:1 | 21533 ||| Stepping ~*~*~tactically~*~*~ (outnumbered).
 21556 | Spider:1 | 21556 ||| Stepping ~*~*~tactically~*~*~ (outnumbered).
 21573 | Spider:1 | Reached skill level 15 in Dodging
 21574 | Spider:1 | 21574 ||| INVOKING Heroism.
 21585 | Spider:1 | HP: 9/149 [disintegration (37)]
 21589 | Spider:1 | 21589 ||| DRINKING 4 potions of heal wounds.
 21649 | Spider:1 | 21649 ||| Stepping ~*~*~tactically~*~*~ (outnumbered).
 21651 | Spider:1 | 21651 ||| INVOKING Heroism.
 21974 | Spider:1 | 21974 ||| Stepping ~*~*~tactically~*~*~ (outnumbered).
 22169 | Spider:2 | 22169 ||| INVOKING Finesse.
 22266 | Spider:2 | 22266 ||| Stepping ~*~*~tactically~*~*~ (outnumbered).
 22273 | Spider:2 | 22273 ||| INVOKING Heroism.
 22280 | Spider:2 | Noticed Asterion
 22281 | Spider:2 | 22281 ||| INVOKING Finesse.
 22302 | Spider:2 | HP: 35/148 [+1 spectral demon blade[Asterion] (8)]
 22303 | Spider:2 | 22303 ||| READING 7 scrolls of teleportation.
 22304 | Spider:2 | 22304 ||| DRINKING 4 potions of heal wounds.
 22306 | Spider:2 | Killed Asterion
 22430 | Spider:2 | Identified the +1 pair of gloves of the Pink Corner {rC+}
 23271 | Spider:2 | 23271 ||| UPGRADING to +3 leather armour of cold
                  | resistance.
 23281 | Spider:2 | 23281 ||| UPGRADING to +1 pair of gloves of the Pink Corner
                  | {rC+}.
 23291 | Spider:2 | 23291 ||| UPGRADING to +2 ring mail of fire resistance.
 23301 | Spider:2 | 23301 ||| UPGRADING to +0 troll leather armour.
 23465 | Spider:3 | Identified the +5 war axe of the World {speed, rElec rF+
                  | Int+3}
 23529 | Spider:3 | Reached skill level 16 in Fighting
 23580 | Spider:3 | 23580 ||| INVOKING Heroism.
 23596 | Spider:3 | Reached XP level 17. HP: 158/158 MP: 23/23
 23710 | Spider:3 | 23710 ||| READING scroll of enchant armour.
 23710 | Spider:3 | 23710 ||| ENCHANTING +1 pair of boots.
 23720 | Spider:3 | 23720 ||| INVOKING Heroism.
 23724 | Spider:3 | 23724 ||| Stepping ~*~*~tactically~*~*~ (outnumbered).
 23729 | Spider:3 | 23729 ||| INVOKING Finesse.
 23967 | Spider:3 | 23967 ||| PLANNING SWAMP:1-3
 24054 | Swamp:1  | Entered Level 1 of the Swamp
 24079 | Swamp:1  | 24079 ||| INVOKING Heroism.
 24082 | Swamp:1  | 24082 ||| Stepping ~*~*~tactically~*~*~ (cloud).
 24088 | Swamp:1  | 24088 ||| DRINKING 2 potions of resistance.
 24089 | Swamp:1  | 24089 ||| FLEEEEING.
 24090 | Swamp:1  | HP: 38/158 [poison (poison gas)]
 24091 | Swamp:1  | 24091 ||| READING 7 scrolls of teleportation.
 24092 | Swamp:1  | 24092 ||| DRINKING 4 potions of heal wounds.
 24093 | Swamp:1  | Identified the scarf of Indomitability {+Inv, Dex+8}
                  | (Okawaru gifted it to you on level 1 of the Swamp)
 24093 | Swamp:1  | Received a gift from Okawaru
 24186 | Swamp:1  | 24186 ||| DRINKING potion of resistance.
 24187 | Swamp:1  | 24187 ||| Stepping ~*~*~tactically~*~*~ (water).
 24433 | Swamp:1  | 24433 ||| INVOKING Heroism.
 24601 | Swamp:2  | 24601 ||| STAIRDANCE
 24641 | Swamp:2  | 24641 ||| INVOKING Heroism.
 24733 | Swamp:2  | 24733 ||| Stepping ~*~*~tactically~*~*~ (water).
 24751 | Swamp:2  | 24751 ||| INVOKING Heroism.
 24757 | Swamp:2  | Reached skill level 17 in Fighting
 24809 | Swamp:2  | 24809 ||| INVOKING Heroism.
 24862 | Swamp:2  | Identified the +7 long sword of the Brain {freeze, rPois
                  | rF+ MP-9 Str+5}
 24996 | Swamp:2  | 24996 ||| Stepping ~*~*~tactically~*~*~ (water).
 25030 | Swamp:2  | 25030 ||| Stepping ~*~*~tactically~*~*~ (water).
 25296 | Swamp:3  | Noticed Nikola
 25297 | Swamp:3  | 25297 ||| INVOKING Heroism.
 25307 | Swamp:3  | Killed Nikola
 25372 | Swamp:3  | 25372 ||| Stepping ~*~*~tactically~*~*~ (water).
 25374 | Swamp:3  | 25374 ||| Stepping ~*~*~tactically~*~*~ (water).
 25380 | Swamp:3  | 25380 ||| Stepping ~*~*~tactically~*~*~ (water).
 25542 | Swamp:3  | 25542 ||| INVOKING Heroism.
 25626 | Swamp:3  | 25626 ||| Stepping ~*~*~tactically~*~*~ (water).
 25628 | Swamp:3  | 25628 ||| Stepping ~*~*~tactically~*~*~ (water).
 25632 | Swamp:3  | 25632 ||| Stepping ~*~*~tactically~*~*~ (water).
 25637 | Swamp:3  | 25637 ||| Stepping ~*~*~tactically~*~*~ (water).
 25646 | Swamp:3  | 25646 ||| Stepping ~*~*~tactically~*~*~ (cloud).
 25648 | Swamp:3  | Reached skill level 18 in Dodging
 25652 | Swamp:3  | 25652 ||| Stepping ~*~*~tactically~*~*~ (cloud).
 25741 | Swamp:3  | 25741 ||| PLANNING SPIDER:4
 25866 | Spider:4 | Entered Level 4 of the Spider Nest
 25893 | Spider:4 | 25893 ||| INVOKING Heroism.
 25908 | Spider:4 | 25908 ||| INVOKING Heroism.
 26269 | Spider:4 | 26269 ||| INVOKING Heroism.
 26273 | Spider:4 | 26273 ||| INVOKING Finesse.
 26288 | Spider:4 | Reached skill level 18 in Fighting
 26315 | Spider:4 | 26315 ||| FLEEEEING.
 26365 | Spider:4 | 26365 ||| READING 3 scrolls of enchant weapon.
 26365 | Spider:4 | 26365 ||| ENCHANTING +3 longbow of flaming.
 26366 | Spider:4 | 26366 ||| READING 2 scrolls of enchant weapon.
 26366 | Spider:4 | 26366 ||| ENCHANTING +4 longbow of flaming.
 26367 | Spider:4 | 26367 ||| READING scroll of enchant weapon.
 26367 | Spider:4 | 26367 ||| ENCHANTING +5 longbow of flaming.
 26370 | Spider:4 | 26370 ||| FLEEEEING.
 26444 | Spider:4 | 26444 ||| Stepping ~*~*~tactically~*~*~ (outnumbered).
 26449 | Spider:4 | 26449 ||| INVOKING Finesse.
 26621 | Spider:4 | 26621 ||| INVOKING Finesse.
 26625 | Spider:4 | 26625 ||| INVOKING Heroism.
 26630 | Spider:4 | 26630 ||| Stepping ~*~*~tactically~*~*~ (outnumbered).
 26742 | Spider:4 | 26742 ||| FLEEEEING.
 26743 | Spider:4 | 26743 ||| FLEEEEING.
 26744 | Spider:4 | 26744 ||| FLEEEEING.
 26748 | Spider:4 | 26748 ||| FLEEEEING.
 26749 | Spider:4 | 26749 ||| FLEEEEING.
 26916 | Spider:4 | 26916 ||| INVOKING Heroism.
 26917 | Spider:4 | 26917 ||| INVOKING Finesse.
 26926 | Spider:4 | Received a gift from Okawaru
 26931 | Spider:4 | 26931 ||| Stepping ~*~*~tactically~*~*~ (outnumbered).
 26948 | Spider:4 | Reached XP level 18. HP: 169/172 MP: 0/24
 27132 | Spider:4 | 27132 ||| INVOKING Heroism.
 27138 | Spider:4 | 27138 ||| INVOKING Finesse.
 27182 | Spider:4 | 27182 ||| INVOKING Heroism.
 27199 | Spider:4 | Got a gossamer rune of Zot
 27237 | Spider:4 | 27237 ||| PLANNING VAULTS:1-4
 27237 | Spider:4 | 27237 ||| DROPPING +2 pair of boots.
 27238 | Spider:4 | 27238 ||| DROPPING ring of positive energy.
 27540 | Vaults:1 | Entered Level 1 of the Vaults
 27562 | Vaults:1 | 27562 ||| INVOKING Heroism.
 27563 | Vaults:1 | 27563 ||| INVOKING Finesse.
 27837 | Vaults:1 | Reached skill level 19 in Fighting
 27844 | Vaults:1 | 27844 ||| INVOKING Heroism.
 27845 | Vaults:1 | 27845 ||| INVOKING Finesse.
 28047 | Vaults:1 | 28047 ||| INVOKING Finesse.
 28173 | Vaults:1 | Identified the +4 ring mail "Saob Mucw" {Str+4}
 28263 | Vaults:1 | 28263 ||| INVOKING Heroism.
 28337 | Vaults:1 | 28337 ||| INVOKING Heroism.
 28338 | Vaults:1 | 28338 ||| INVOKING Finesse.
 28579 | Vaults:1 | 28579 ||| FLEEEEING.
 28580 | Vaults:1 | 28580 ||| FLEEEEING.
 28581 | Vaults:1 | 28581 ||| FLEEEEING.
 28582 | Vaults:1 | 28582 ||| FLEEEEING.
 28583 | Vaults:1 | 28583 ||| FLEEEEING.
 28584 | Vaults:1 | 28584 ||| FLEEEEING.
 28585 | Vaults:1 | 28585 ||| FLEEEEING.
 28833 | Vaults:1 | 28833 ||| INVOKING Finesse.
 29091 | Vaults:1 | 29091 ||| UPGRADING to +4 ring mail "Saob Mucw" {Str+4}.
 29101 | Vaults:1 | 29101 ||| DROPPING +0 troll leather armour.
 29263 | Vaults:2 | Identified the +1 longbow of Vostuaq {elec, rF- rCorr
                  | Int+3} (Okawaru gifted it to you on level 2 of the Vaults)
 29263 | Vaults:2 | Received a gift from Okawaru
 29289 | Vaults:2 | 29289 ||| DROPPING +1 longbow of Vostuaq {elec, rF- rCorr
                  | Int+3}.
 29300 | Vaults:2 | 29300 ||| INVOKING Heroism.
 29465 | Vaults:2 | 29465 ||| FLEEEEING.
 29466 | Vaults:2 | 29466 ||| FLEEEEING.
 29467 | Vaults:2 | 29467 ||| FLEEEEING.
 29468 | Vaults:2 | 29468 ||| FLEEEEING.
 29477 | Vaults:2 | 29477 ||| INVOKING Finesse.
 29651 | Vaults:2 | 29651 ||| READING scroll of enchant weapon.
 29651 | Vaults:2 | 29651 ||| ENCHANTING +6 longbow of flaming.
 29761 | Vaults:2 | Reached skill level 12 in Armour
 29766 | Vaults:2 | Noticed Jory
 29767 | Vaults:2 | 29767 ||| INVOKING Heroism.
 29768 | Vaults:2 | 29768 ||| INVOKING Finesse.
 29777 | Vaults:2 | Killed Jory
 29866 | Vaults:2 | 29866 ||| FLEEEEING.
 29867 | Vaults:2 | 29867 ||| FLEEEEING.
 29868 | Vaults:2 | 29868 ||| FLEEEEING.
 29869 | Vaults:2 | 29869 ||| FLEEEEING.
 29906 | Vaults:2 | Noticed Aizul
 29907 | Vaults:2 | 29907 ||| INVOKING Heroism.
 29908 | Vaults:2 | 29908 ||| INVOKING Finesse.
 29917 | Vaults:2 | Killed Aizul
 29940 | Vaults:2 | Noticed Margery
 29941 | Vaults:2 | 29941 ||| DRINKING potion of resistance.
 29951 | Vaults:2 | Killed Margery
 29952 | Vaults:2 | Reached skill level 20 in Fighting
 29958 | Vaults:2 | 29958 ||| Stepping ~*~*~tactically~*~*~ (outnumbered).
 29966 | Vaults:2 | Noticed Saint Roka
 29984 | Vaults:2 | Killed Saint Roka
 30117 | Vaults:2 | 30117 ||| INVOKING Heroism.
 30118 | Vaults:2 | 30118 ||| INVOKING Finesse.
 30129 | Vaults:2 | Received a gift from Okawaru
 30212 | Vaults:2 | Reached XP level 19. HP: 187/187 MP: 25/25
 30212 | Vaults:2 | Found Jiuqaose's General Store.
 30220 | Vaults:2 | 30220 ||| BUYING +6 ring of dexterity (756 gold).
 30220 | Vaults:2 | Bought a +6 ring of dexterity for 756 gold pieces
 30220 | Vaults:2 | 30220 ||| BUYING wand of digging (4) (352 gold).
 30220 | Vaults:2 | Bought a wand of digging (4) for 352 gold pieces
 30365 | Vaults:2 | Found Qila's General Store.
 30451 | Vaults:2 | Found Qerey's Armour Shoppe.
 30465 | Vaults:2 | Identified the +8 chain mail of Qebidore {Regen+ MP-9
                  | Int+3}
 30486 | Vaults:2 | 30486 ||| INVOKING Heroism.
 30487 | Vaults:2 | 30487 ||| INVOKING Finesse.
 30577 | Vaults:2 | Found Beryut Wela's Jewellery Emporium.
 30586 | Vaults:2 | 30586 ||| BUYING ring of Bemufel {rC+ Will+ Str+3 Slay-2
                  | SInv} (595 gold).
 30586 | Vaults:2 | Bought the ring of Bemufel {rC+ Will+ Str+3 Slay-2 SInv}
                  | for 595 gold pieces
 30652 | Vaults:2 | 30652 ||| DROPPING +0 pair of boots of rampaging.
 30653 | Vaults:2 | 30653 ||| DROPPING ring of protection from fire.
 30654 | Vaults:2 | 30654 ||| UPGRADING to +6 ring of dexterity.
 30656 | Vaults:2 | 30656 ||| UPGRADING to ring of Bemufel {rC+ Will+ Str+3
                  | Slay-2 SInv}.
 30658 | Vaults:2 | 30658 ||| DROPPING +5 ring of evasion.
 30701 | Vaults:3 | 30701 ||| Stepping ~*~*~tactically~*~*~ (outnumbered).
 30840 | Vaults:3 | 30840 ||| Stepping ~*~*~tactically~*~*~ (outnumbered).
 30849 | Vaults:3 | Reached skill level 21 in Fighting
 30915 | Vaults:3 | Noticed a golden dragon
 31055 | Vaults:3 | 31055 ||| Stepping ~*~*~tactically~*~*~ (outnumbered).
 31103 | Vaults:3 | 31103 ||| Stepping ~*~*~tactically~*~*~ (outnumbered).
 31128 | Vaults:3 | You fall into a shaft and drop 1 floor!
 31265 | Vaults:4 | 31265 ||| Stepping ~*~*~tactically~*~*~ (outnumbered).
 31296 | Vaults:4 | Paralysed by a great orb of eyes for 3 turns
 31311 | Vaults:4 | 31311 ||| INVOKING Heroism.
 31312 | Vaults:4 | 31312 ||| INVOKING Finesse.
 31428 | Vaults:4 | Paralysed by a great orb of eyes for 4 turns
 31536 | Vaults:4 | 31536 ||| INVOKING Heroism.
 31537 | Vaults:4 | 31537 ||| INVOKING Finesse.
 31628 | Vaults:3 | 31628 ||| FLEEEEING.
 31629 | Vaults:3 | 31629 ||| FLEEEEING.
 31630 | Vaults:3 | 31630 ||| FLEEEEING.
 31631 | Vaults:3 | 31631 ||| FLEEEEING.
 31632 | Vaults:3 | 31632 ||| FLEEEEING.
 31633 | Vaults:3 | 31633 ||| FLEEEEING.
 31634 | Vaults:3 | 31634 ||| FLEEEEING.
 31635 | Vaults:3 | 31635 ||| FLEEEEING.
 31636 | Vaults:3 | 31636 ||| FLEEEEING.
 31637 | Vaults:3 | 31637 ||| FLEEEEING.
 31638 | Vaults:3 | 31638 ||| FLEEEEING.
 31639 | Vaults:3 | 31639 ||| FLEEEEING.
 31640 | Vaults:3 | 31640 ||| FLEEEEING.
 31641 | Vaults:3 | 31641 ||| FLEEEEING.
 31642 | Vaults:3 | 31642 ||| FLEEEEING.
 31644 | Vaults:3 | 31644 ||| FLEEEEING.
 31645 | Vaults:3 | 31645 ||| FLEEEEING.
 31646 | Vaults:3 | 31646 ||| FLEEEEING.
 31647 | Vaults:3 | 31647 ||| FLEEEEING.
 31649 | Vaults:3 | 31649 ||| FLEEEEING.
 31650 | Vaults:3 | 31650 ||| FLEEEEING.
 31651 | Vaults:3 | 31651 ||| FLEEEEING.
 31652 | Vaults:3 | 31652 ||| FLEEEEING.
 31653 | Vaults:3 | 31653 ||| FLEEEEING.
 31654 | Vaults:3 | 31654 ||| FLEEEEING.
 31655 | Vaults:3 | 31655 ||| FLEEEEING.
 31656 | Vaults:3 | 31656 ||| FLEEEEING.
 31657 | Vaults:3 | 31657 ||| FLEEEEING.
 31658 | Vaults:3 | 31658 ||| FLEEEEING.
 31659 | Vaults:3 | 31659 ||| FLEEEEING.
 31660 | Vaults:3 | 31660 ||| FLEEEEING.
 31661 | Vaults:3 | 31661 ||| FLEEEEING.
 31662 | Vaults:3 | 31662 ||| FLEEEEING.
 31664 | Vaults:3 | 31664 ||| FLEEEEING.
 31676 | Vaults:3 | Received a gift from Okawaru
 31753 | Vaults:3 | 31753 ||| INVOKING Heroism.
 31754 | Vaults:3 | 31754 ||| INVOKING Finesse.
 31755 | Vaults:3 | 31755 ||| INVOKING Finesse.
 31796 | Vaults:3 | Reached skill level 21 in Dodging
 31813 | Vaults:3 | 31813 ||| INVOKING Heroism.
 31814 | Vaults:3 | 31814 ||| INVOKING Finesse.
 31896 | Vaults:3 | Identified the +12 plate armour of Exzuifek {rPois Dex+4}
 32018 | Vaults:3 | 32018 ||| Stepping ~*~*~tactically~*~*~ (outnumbered).
 32020 | Vaults:3 | 32020 ||| Stepping ~*~*~tactically~*~*~ (outnumbered).
 32257 | Vaults:3 | 32257 ||| INVOKING Heroism.
 32258 | Vaults:3 | 32258 ||| INVOKING Finesse.
 32261 | Vaults:3 | Received a gift from Okawaru
 32366 | Vaults:3 | Reached skill level 22 in Fighting
 32437 | Vaults:3 | Found a staircase to the Crypt.
 32515 | Vaults:3 | 32515 ||| DROPPING ring of ice.
 32669 | Vaults:4 | 32669 ||| Stepping ~*~*~tactically~*~*~ (outnumbered).
 32671 | Vaults:4 | 32671 ||| Stepping ~*~*~tactically~*~*~ (outnumbered).
 32673 | Vaults:4 | 32673 ||| Stepping ~*~*~tactically~*~*~ (outnumbered).
 32675 | Vaults:4 | 32675 ||| Stepping ~*~*~tactically~*~*~ (outnumbered).
 32677 | Vaults:4 | 32677 ||| Stepping ~*~*~tactically~*~*~ (outnumbered).
 32679 | Vaults:4 | 32679 ||| Stepping ~*~*~tactically~*~*~ (outnumbered).
 32682 | Vaults:4 | 32682 ||| Stepping ~*~*~tactically~*~*~ (outnumbered).
 32737 | Vaults:4 | Found Soqil's General Store.
 32745 | Vaults:4 | 32745 ||| BUYING potion of might (80 gold).
 32745 | Vaults:4 | Bought a potion of might for 80 gold pieces
 32745 | Vaults:4 | 32745 ||| BUYING scroll of enchant armour (150 gold).
 32745 | Vaults:4 | Bought a scroll of enchant armour for 150 gold pieces
 32921 | Vaults:4 | Noticed Frederick
 32922 | Vaults:4 | 32922 ||| INVOKING Heroism.
 32923 | Vaults:4 | 32923 ||| INVOKING Finesse.
 32932 | Vaults:4 | Killed Frederick
 33080 | Vaults:4 | 33080 ||| Stepping ~*~*~tactically~*~*~ (outnumbered).
 33301 | Vaults:4 | 33301 ||| Stepping ~*~*~tactically~*~*~ (outnumbered).
 33308 | Vaults:4 | 33308 ||| Stepping ~*~*~tactically~*~*~ (outnumbered).
 33330 | Vaults:4 | 33330 ||| INVOKING Heroism.
 33339 | Vaults:4 | Reached XP level 20. HP: 107/200 MP: 24/26
 33496 | Vaults:4 | 33496 ||| PLANNING SWAMP:4
 33496 | Vaults:4 | 33496 ||| UPGRADING to +6 ring of dexterity.
 33826 | Swamp:4  | Entered Level 4 of the Swamp
 33849 | Swamp:4  | Identified the +3 plate armour "Kapp" {Str+4} (Okawaru
                  | gifted it to you on level 4 of the Swamp)
 33849 | Swamp:4  | Received a gift from Okawaru
 33856 | Swamp:4  | Noticed Donald
 33867 | Swamp:4  | 33867 ||| Stepping ~*~*~tactically~*~*~ (cloud).
 33869 | Swamp:4  | Killed Donald
 33871 | Swamp:4  | 33871 ||| INVOKING Heroism.
 33884 | Swamp:4  | 33884 ||| DRINKING 13 potions of curing.
 33884 | Swamp:4  | 33884 ||| (to cure confusion)
 33905 | Swamp:4  | 33905 ||| Stepping ~*~*~tactically~*~*~ (outnumbered).
 33926 | Swamp:4  | 33926 ||| INVOKING Heroism.
 33933 | Swamp:4  | HP: 44/200 [poison (poison gas)]
 33934 | Swamp:4  | 33934 ||| Stepping ~*~*~tactically~*~*~ (cloud).
 33935 | Swamp:4  | 33935 ||| READING 9 scrolls of teleportation.
 33936 | Swamp:4  | 33936 ||| DRINKING 6 potions of heal wounds.
 33937 | Swamp:4  | 33937 ||| DRINKING 5 potions of heal wounds.
 33938 | Swamp:4  | 33938 ||| Stepping ~*~*~tactically~*~*~ (water).
 33945 | Swamp:4  | HP: 46/200 [spriggan druid/angry trees (11)]
 33946 | Swamp:4  | 33946 ||| READING 8 scrolls of teleportation.
 33947 | Swamp:4  | 33947 ||| DRINKING 4 potions of heal wounds.
 33948 | Swamp:4  | 33948 ||| DRINKING 3 potions of heal wounds.
 33968 | Swamp:4  | HP: 50/202 [ghost crab] (4)]
 33970 | Swamp:4  | 33970 ||| INVOKING Heroism.
 33974 | Swamp:4  | HP: 49/202 [spectral fenstrider witch[a ghost crab] (7)]
 33975 | Swamp:4  | 33975 ||| READING 7 scrolls of teleportation.
 33976 | Swamp:4  | 33976 ||| DRINKING 2 potions of heal wounds.
 34004 | Swamp:4  | Noticed Bai Suzhen
 34013 | Swamp:4  | Killed Bai Suzhen
 34027 | Swamp:4  | HP: 40/202 [poison (poison gas)]
 34028 | Swamp:4  | 34028 ||| DRINKING 12 potions of curing.
 34028 | Swamp:4  | 34028 ||| (to cure poison)
 34029 | Swamp:4  | 34029 ||| DRINKING potion of heal wounds.
 34050 | Swamp:4  | 34050 ||| INVOKING Heroism.
 34127 | Swamp:4  | Reached skill level 23 in Fighting
 34162 | Swamp:4  | 34162 ||| Stepping ~*~*~tactically~*~*~ (cloud).
 34231 | Swamp:4  | Got a decaying rune of Zot
 34402 | Swamp:4  | 34402 ||| READING scroll of acquirement.
 34402 | Swamp:4  | 34402 ||| ACQUIRING +2 heavy triple crossbow
 34402 | Swamp:4  | Acquired a +2 heavy triple crossbow
 34404 | Swamp:4  | 34404 ||| SWAPPING to +2 heavy triple crossbow.
 34405 | Swamp:4  | 34405 ||| DROPPING +7 longbow of flaming.
 34518 | Swamp:4  | 34518 ||| PLANNING DEPTHS
 34518 | Swamp:4  | 34518 ||| DROPPING +0 swamp dragon scales.
 34757 | Depths:1 | Entered Level 1 of the Depths
 34770 | Depths:1 | 34770 ||| STAIRDANCE
 34826 | Depths:1 | 34826 ||| Stepping ~*~*~tactically~*~*~ (cloud).
 34842 | Depths:1 | Received a gift from Okawaru
 34875 | Depths:1 | Reached skill level 21 in Ranged Weapons
 34954 | Depths:1 | 34954 ||| INVOKING Heroism.
 34955 | Depths:1 | 34955 ||| INVOKING Finesse.
 34971 | Depths:1 | 34971 ||| FLEEEEING.
 34972 | Depths:1 | 34972 ||| FLEEEEING.
 34973 | Depths:1 | 34973 ||| FLEEEEING.
 34974 | Depths:1 | 34974 ||| FLEEEEING.
 35057 | Depths:1 | 35057 ||| INVOKING Heroism.
 35058 | Depths:1 | Identified the +7 demon blade "Egg" {drain, Dex+3}
 35062 | Depths:1 | 35062 ||| INVOKING Finesse.
 35094 | Depths:1 | Found a gateway to Hell.
 35141 | Depths:1 | 35141 ||| INVOKING Heroism.
 35142 | Depths:1 | 35142 ||| INVOKING Finesse.
 35164 | Depths:1 | Noticed a juggernaut
 35166 | Depths:1 | Killed a juggernaut
 35200 | Depths:1 | Paralysed by a vampire knight for 5 turns
 35311 | Depths:1 | 35311 ||| INVOKING Finesse.
 35759 | Depths:2 | Received a gift from Okawaru
 35767 | Depths:2 | 35767 ||| STAIRDANCE
 35788 | Depths:2 | 35788 ||| STAIRDANCE
 36137 | Depths:2 | 36137 ||| READING scroll of acquirement.
 36137 | Depths:2 | 36137 ||| ACQUIRING 1012 gold pieces
 36137 | Depths:2 | Acquired 1012 gold pieces
 36163 | Depths:2 | 36163 ||| INVOKING Heroism.
 36164 | Depths:2 | 36164 ||| INVOKING Finesse.
 36282 | Depths:2 | 36282 ||| INVOKING Heroism.
 36345 | Depths:2 | 36345 ||| Stepping ~*~*~tactically~*~*~ (outnumbered).
 36351 | Depths:2 | 36351 ||| INVOKING Heroism.
 36421 | Depths:2 | Found a glowing silver altar of Zin.
 36421 | Depths:2 | Noticed Mennas
 36422 | Depths:2 | 36422 ||| INVOKING Heroism.
 36423 | Depths:2 | 36423 ||| INVOKING Finesse.
 36431 | Depths:2 | Killed Mennas
 36432 | Depths:2 | Reached skill level 24 in Fighting
 36468 | Depths:2 | 36468 ||| Stepping ~*~*~tactically~*~*~ (outnumbered).
 36639 | Depths:2 | Found a one-way gate leading to the halls of Pandemonium.
 36651 | Depths:2 | Identified the +7 ring mail of Undesirable Species {rN+
                  | Will++}
 36817 | Depths:2 | 36817 ||| INVOKING Heroism.
 36909 | Depths:2 | 36909 ||| UPGRADING to +7 ring mail of Undesirable Species
                  | {rN+ Will++}.
 36919 | Depths:2 | 36919 ||| DROPPING +4 ring mail "Saob Mucw" {Str+4}.
 36920 | Depths:2 | 36920 ||| DROPPING +3 leather armour of cold resistance.
 36925 | Depths:3 | 36925 ||| INVOKING Heroism.
 36957 | Depths:3 | Reached XP level 21. HP: 214/214 MP: 27/27
 37018 | Depths:3 | Reached skill level 15 in Armour
 37046 | Depths:3 | 37046 ||| INVOKING Heroism.
 37078 | Depths:3 | Noticed the Enchantress
 37079 | Depths:3 | 37079 ||| INVOKING Heroism.
 37082 | Depths:3 | 37082 ||| DRINKING 12 potions of curing.
 37082 | Depths:3 | 37082 ||| (to cure confusion)
 37085 | Depths:3 | 37085 ||| DRINKING 11 potions of curing.
 37085 | Depths:3 | 37085 ||| (to cure confusion)
 37086 | Depths:3 | 37086 ||| DRINKING 10 potions of curing.
 37086 | Depths:3 | 37086 ||| (to cure confusion)
 37088 | Depths:3 | HP: 50/215 [spriggan berserker/+0 quarterstaff[the
                  | Enchantress] (23)]
 37089 | Depths:3 | 37089 ||| READING 8 scrolls of teleportation.
 37090 | Depths:3 | HP: 7/215 [spriggan defender/+1 quick blade of
                  | distortion[the Enchantress] (18)]
 37091 | Depths:3 | Slain by a spriggan berserker

Levels and vault maps discovered:
D:1:      doesnt_arrival_eight_statues, layout_basic, grunt_decor_cap,
          chequers_serial_rivers_small_3
D:2:      layout_basic, minmay_liquid_box, corexii_item_surrounded_by_moat
D:3:      layout_loops_ring, nicolae_overflow_hidden_temple,
          dreamdust_ecumenical_altar_angels_and_demons
D:4:      layout_loops_corners, bloody_makhleb
D:5:      layout_basic, mainiacjoe_overflow_paths, lemuel_doored_altar,
          kennysheep_decorative_pillar
D:6:      layout_rooms, serial_shops, nicolae_take_the_stairs,
          gammafunk_ghost_split
D:7:      layout_gridville, mainiacjoe_overflow_boulevard,
          mainiacjoe_overflow_surrounded_room, minmay_temple_entry_mini_moons,
          enter_ossuary_3, due_unseen_surprise
D:8:      layout_rooms, amcnicky_altar_gilded, minitemple
D:9:      layout_stronghold, overflow_temple_1_default, lemuel_tele_altar,
          minmay_protected_statue
D:10:     layout_rooms, grunt_lair_entry_orc_guard_hut, uniq_josephine,
          uniq_lodul, uniq_sonja
D:11:     layout_gridville, hangedman_decor_lopped,
          chequers_serial_rivers_marsh, nrook_mini_vaults,
          minmay_misc_feat_diagonals
D:12:     layout_basic, kennysheep_orc_monster_closet_entryway, uniq_erolcha,
          uniq_jorgrun
D:13:     layout_rooms, serial_shops, shop, nicolae_transporter_intersection
D:14:     layout_stronghold, david_vaults_5, nicolae_elevator_lobby_asterisk,
          grunt_qazlal_sundering
D:15:     hangedman_depths_entry_try_elsewhere_first, layout_long_grid,
          okawaru_metal_pillars_1_2, serial_bayou, serial_bayou_pond_b,
          serial_bayou_pond_c, serial_bayou_ford_a, serial_bayou_pond_b,
          minmay_misc_feat_rows
Temple:   cyrus_temple_forest
Lair:1:   lemuel_reptile_caves, layout_cave_pods
Lair:2:   layout_regular_city, skrybe_swamp_entry_bodies,
          nicolae_spider_entry_lesser_pyramids, nicolae_volcano_entry_hallway
Lair:3:   layout_concentric_octagons, cheibrodos_lair_lostbears,
          serial_bayou_shore_a, grunt_megastairs_2, uniq_nergalle
Lair:4:   layout_cave_pods, gauntlet_entry_generic
Lair:5:   gammafunk_lair_ancient_temple, layout_small_grid,
          minmay_slime_entry_oklob_enclosed, portal_ice_cave_entry_pillars_1,
          uniq_nessos, uniq_snorg
Swamp:1:  layout_falls_marsh, evilmike_swamp_ruin_house_5
Swamp:2:  layout_falls_marsh, nicolae_swamp_small_spring
Swamp:3:  layout_basic_swamp, evilmike_swamp_ruin_house_4, uniq_nikola
Swamp:4:  swamp_alternative, layout_basic_swamp, uniq_bai_suzhen, uniq_donald
Spider:1: layout_spider_delve, nicolae_spider_eight_legs
Spider:2: layout_cave_pods, uniq_asterion
Spider:3: layout_spider_delve
Spider:4: hellmonk_spider_rune_endless_swarm, spiders_nest_the_unseen
Orc:1:    layout_caves, basic_altar, uniq_harold
Orc:2:    st_orc_congregation, layout_caves, lightli_orcish_oven
Vaults:1: nicolae_vaults_mini_display_case, nicolae_vaults_shrinking_rooms_2,
          nicolae_vaults_sightless_eye, nicolae_vaults_hexular_roomagon,
          v_alt_pattern_4, nicolae_vaults_border_crossing,
          nicolae_vaults_little_squares_6, nicolae_vaults_weapon_check,
          nicolae_vaults_yaktaur_gun_rack, grunt_vaults_hallway_short,
          layout_vaults_chaotic_city
Vaults:2: nicolae_vaults_tetromino_Z_1, nicolae_vaults_shipping_containers_5,
          v_misc_14, hangedman_vaults_river_flow,
          nicolae_vaults_offset_grid_hallway_2,
          nicolae_vaults_door_testing_chamber, ontoclasm_vaults_fault,
          vaults_dpeg_hooks, vaults_room_corners, layout_vaults_omnigrid,
          serial_shops, shop, nicolae_shop_gibbet_a_chance, shop, shop,
          uniq_jory, uniq_margery, uniq_saint_roka, uniq_aizul
Vaults:3: v_misc_33, minmay_crypt_entry_skeletal_spiral,
          nicolae_vaults_oval_intersection, vaults_mumra_chevron,
          hangedman_vaults_variations, v_rooms_1, hangedman_vaults_maws,
          nicolae_vaults_diagonal_hallway_9, nicolae_vaults_six-pack,
          vaults_dpeg_diagonal, nicolae_vaults_network_periphery,
          nicolae_vaults_tetromino_T_1, vaults_room_door_ring,
          nicolae_vaults_specimen_jars, nicolae_vaults_tetromino_T_1,
          nicolae_vaults_antechamber_and_loot_room, layout_vaults_maze_snakey
Vaults:4: vaults_room_semicircle, nicolae_vaults_storage_room_water,
          hangedman_vaults_snaps, nicolae_vaults_surprise_closet_hard,
          vaults_mumra_hex, vaults_room_pools, ontoclasm_vaults_tryst,
          nicolae_vaults_bisected_inception, nicolae_vaults_network_quincunx
          [nicolae_vaults_network_quincunx_subvault,
          nicolae_vaults_network_quincunx_subvault,
          nicolae_vaults_network_quincunx_subvault,
          nicolae_vaults_network_quincunx_subvault,
          nicolae_vaults_network_quincunx_subvault], nicolae_vaults_diamond_1,
          hangedman_vaults_slither, hangedman_vaults_nodes,
          nicolae_vaults_twisting_passages, ontoclasm_vaults_ring_square,
          vaults_room_hallway, layout_vaults_omnibox, serial_shops, shop,
          uniq_frederick
Depths:1: layout_long_grid, hellmouth_2, reono_crystal_passage, dispersion_dpeg
Depths:2: evilmike_silver_temple, layout_basic, pan_entry, hell_entry,
          minmay_misc_feat_alley
Depths:3: grunt_runaround [grunt_runaround_doors_1, grunt_runaround_doors_2,
          grunt_runaround_doors_3, grunt_runaround_doors_4,
          grunt_runaround_loot], abyss_entry, hell_entry, pan_entry,
          uniq_enchantress, uniq_mennas

Skill      XL: |  1  2  3  4  5  6  7  8  9 10 11 12 13 14 15 16 17 18 19 20 21 |
---------------+----------------------------------------------------------------+-----
Ranged Weapons | 3 4 5 6 8 10 12 13 15 16 18 20 22 | 22.0
Fighting       | 2 3 4 5 6 7 9 10 12 13 14 16 18 20 22 24 | 24.3
Armour         | 1 3 4 5 7 8 9 12 13 14 15 | 15.0
Dodging        | 3 5 8 9 10 11 12 16 19 20 22 | 22.0
Invocations    | 4 5 9 10 | 10.0
Spellcasting   | |  1.0
Hexes          | |  2.0

Action                     |  1- 3 |  4- 6 |  7- 9 | 10-12 | 13-15 | 16-18 | 19-21 || total
---------------------------+-------+-------+-------+-------+-------+-------+-------++-------
   Fire: Sling             |    87 |   122 |   280 |       |       |       |       ||   489
         Orcbow            |       |       |    69 |   607 |       |       |       ||   676
         Longbow           |       |       |       |     4 |   640 |  1575 |   685 ||  2904
         Triple crossbow   |       |       |       |       |       |       |   231 ||   231
 Invoke: Heroism           |       |       |     3 |    29 |    28 |    36 |    23 ||   119
         Finesse           |       |       |       |       |     5 |    19 |    13 ||    37
    Use: Scroll            |     3 |     5 |     8 |     8 |     6 |     8 |     6 ||    44
         Potion            |     1 |     2 |     8 |       |     7 |     8 |    11 ||    37
 Armour: Robe              |     3 |       |       |       |       |       |       ||     3
         Ring mail         |     4 |    17 |     7 |       |    45 |    12 |   106 ||   191
         Steam dragon scal |       |       |    14 |    10 |     8 |       |       ||    32
         Troll leather arm |       |       |       |       |       |    68 |       ||    68
  Dodge: Dodged            |    24 |    28 |   107 |   251 |   390 |   790 |   729 ||  2319
  Block: Other             |       |       |    42 |    43 |    65 |       |       ||   150
         Reflection        |       |       |     1 |       |     1 |       |       ||     2

Table legend:
 A = Non-vault XP
 B = Vault XP
 C = Vault XP percentage of total XP
 D = Non-vault monster count
 E = Vault monster count
 F = Vault count percentage of total count
                 A         B        C        D         E       F
            +---------+---------+-------+---------+---------+-------
      Total |  295566 |  253817 |  46.2 |     859 |     495 |  36.6
            +---------+---------+-------+---------+---------+-------
        D:1 |      34 |       0 |   0.0 |      15 |       0 |   0.0
        D:2 |      73 |       0 |   0.0 |      22 |       0 |   0.0
        D:3 |      72 |       0 |   0.0 |      19 |       0 |   0.0
        D:4 |     628 |       0 |   0.0 |      17 |       0 |   0.0
        D:5 |     432 |       0 |   0.0 |      12 |       0 |   0.0
        D:6 |     985 |       0 |   0.0 |      22 |       0 |   0.0
        D:7 |     721 |       2 |   0.3 |      16 |       2 |  11.1
        D:8 |    2270 |       0 |   0.0 |      35 |       0 |   0.0
        D:9 |    2541 |    1306 |  33.9 |      24 |       3 |  11.1
       D:10 |    2028 |    3214 |  61.3 |      15 |      16 |  51.6
       D:11 |    2970 |       0 |   0.0 |      13 |       0 |   0.0
       D:12 |    1717 |    4056 |  70.3 |       6 |      22 |  78.6
       D:13 |    3791 |       0 |   0.0 |      10 |       0 |   0.0
       D:14 |    9524 |    2841 |  23.0 |      16 |       5 |  23.8
       D:15 |   17818 |    5873 |  24.8 |      43 |       9 |  17.3
     Lair:1 |    2527 |    2531 |  50.0 |       9 |      31 |  77.5
     Lair:2 |    3212 |    2817 |  46.7 |      10 |       6 |  37.5
     Lair:3 |    8652 |    2025 |  19.0 |      35 |       9 |  20.5
     Lair:4 |    6377 |       0 |   0.0 |      19 |       0 |   0.0
     Lair:5 |   13819 |   13041 |  48.6 |      49 |      27 |  35.5
    Swamp:1 |    9209 |       0 |   0.0 |      21 |       0 |   0.0
    Swamp:2 |   12104 |       0 |   0.0 |      24 |       0 |   0.0
    Swamp:3 |   11555 |    2175 |  15.8 |      23 |       1 |   4.2
    Swamp:4 |   13265 |   21955 |  62.3 |      21 |      29 |  58.0
   Spider:1 |    9699 |    4035 |  29.4 |      31 |       8 |  20.5
   Spider:2 |   10704 |    1741 |  14.0 |      30 |       1 |   3.2
   Spider:3 |    8797 |       0 |   0.0 |      24 |       0 |   0.0
   Spider:4 |   23964 |   16145 |  40.3 |      52 |      31 |  37.3
      Orc:1 |    5343 |     900 |  14.4 |      40 |       1 |   2.4
      Orc:2 |     815 |   10905 |  93.0 |      22 |      75 |  77.3
   Vaults:1 |   16527 |   20430 |  55.3 |      24 |      28 |  53.8
   Vaults:2 |   20091 |   23781 |  54.2 |      33 |      32 |  49.2
   Vaults:3 |   22783 |   33879 |  59.8 |      35 |      52 |  59.8
   Vaults:4 |   14375 |   26461 |  64.8 |      23 |      34 |  59.6
   Depths:1 |   19178 |   19862 |  50.9 |      24 |      19 |  44.2
   Depths:2 |   16398 |   15724 |  49.0 |      23 |      13 |  36.1
   Depths:3 |     568 |   14682 |  96.3 |       2 |      15 |  88.2
    Ossuary |       0 |     889 | 100.0 |       0 |      15 | 100.0
   Gauntlet |       0 |    2547 | 100.0 |       0 |      11 | 100.0
            +---------+---------+-------+---------+---------+-------
